 Dungeon Crawl Stone Soup version 0.30.0-29-ga12c61a403 (webtiles) character file.

Game seed: 15886188146573631436

188 Descartes the Shield-Bearer (level 6, -1/48 HPs)
             Began as a Formicid Fighter on June 13, 2023.
             Succumbed to a water moccasin's poison
             ... on level 3 of the Dungeon.
             The game lasted 00:03:05 (1893 turns).

Descartes the Shield-Bearer (Formicid Fighter)      Turns: 1893, Time: 00:03:06

Health: -1/48      AC: 11    Str: 25    XL:     6   Next: 0%
Magic:  15/15      EV:  6    Int:  8    God:
Gold:   179        SH:  5    Dex: 13    Spells: 5/5 levels left

rFire   . . .        o - +5 war axe of Beureopu {vamp, MP+9 Str+3 Stlth+}
rCold   . . .        c - +0 buckler
rNeg    . . .        p - +0 plate armour
rPois   .            (helmet unavailable)
rElec   .            (no cloak)
rCorr   .            (no gloves)
SInv    +            (no boots)
Will    .....        n - amulet of magic regeneration Stlth
                     (no ring)
HPRegen 0.28/turn    (no ring)
MPRegen 0.54/turn

%: no passive effects
@: mighty, lethally poisoned (-1 -> -6)
A: permanent stasis, dig shafts and tunnels, antennae 3, four strong arms
a: Dig, Shaft Self


You were on level 3 of the Dungeon.
You visited 1 branch of the dungeon, and saw 3 of its levels.

You collected 179 gold pieces.

Inventory:

Hand Weapons
 o - the +5 war axe of Beureopu (weapon) {vamp, MP+9 Str+3 Stlth+}
   (You found it on level 2 of the Dungeon)

   Str:       It affects your strength (+3).
   MP:        It affects your magic capacity (+9).
   Stlth:     It makes you more stealthy.
Missiles
 k - 10 javelins
Armour
 b - a +0 scale mail
 c - a +0 buckler (worn)
 p - a +0 plate armour (worn)
Jewellery
 n - an amulet of magic regeneration (around neck)
Wands
 m - a wand of mindburst (4)
Scrolls
 e - 3 scrolls of amnesia {unknown}
 f - 2 scrolls of identify {unknown}
 g - a scroll of poison {unknown}
 h - a scroll of teleportation {unknown}
 i - 2 scrolls of enchant weapon {unknown}
 l - a scroll of fog {unknown}
Potions
 d - a potion of might
 j - a potion of haste {unknown}


   Skills:
 + Level 4.2 Fighting
 + Level 3.0 Axes
 + Level 4.1 Armour
 + Level 5.0 Shields
 + Level 1.4 Translocations
 + Level 1.4 Evocations


You had 5 spell levels left.
You didn't know any spells.
Your spell library contained the following spells:

 Spells                   Type           Power      Damage    Failure   Level
 Magic Dart               Conj           0%         1d3       100%        1
 Call Imp                 Summ           0%         N/A       100%        2
 Mephitic Cloud           Conj/Pois/Air  0%         N/A       100%        3


Dungeon Overview and Level Annotations

Branches:
Dungeon (3/15)

Altars:
Elyvilon
Yredelemnul


Innate Abilities, Weirdness & Mutations

You cannot be hasted, slowed, berserked, paralysed or teleported.
You can dig through walls and to a lower floor.
You have a pair of large antennae on your head. (SInv)
Your four strong arms can wield two-handed weapons with a shield.


Message History

The water moccasin bites you!
* * * LOW HITPOINT WARNING * * *
You are more poisoned.
The water moccasin poisons you!
It was a potion of curing.
You feel better. The water moccasin bites you!
* * * LOW HITPOINT WARNING * * *
The orc priest hits you but does no damage.
You feel very mighty all of a sudden. You block the water moccasin's attack.
The orc priest hits you but does no damage.
You slash the orc priest!
You feel better.
You kill the orc priest!
You closely miss the water moccasin. The water moccasin bites you.
* * * LOW HITPOINT WARNING * * *
You are lethally poisoned!
The water moccasin poisons you! You block the water moccasin's attack.
Your Axes skill increases to level 3!
Your Shields skill increases to level 5!
You have reached level 6!
You feel better.
The water moccasin bites you but does no damage. x2
You closely miss the water moccasin. The water moccasin bites you.
* * * LOW HITPOINT WARNING * * *
You slash the water moccasin!
The water moccasin is moderately wounded.
The water moccasin bites you.
* * * LOW HITPOINT WARNING * * *
You are lethally poisoned!
The water moccasin poisons you! The water moccasin bites you.
* * * LOW HITPOINT WARNING * * *
You closely miss the water moccasin.
The water moccasin is moderately wounded.
* * * LOW HITPOINT WARNING * * *
You feel very sick. You block the water moccasin's attack.
The water moccasin bites you but does no damage.
Unknown command.
You slash the water moccasin!
The water moccasin is almost dead.
You die...

########## #######
.........# #.....#
.^.......#### #...).#
.........##.# #.....#
.........#)## ##.....#
......S..##.#####......#
......)@.'.............#
..:...)..########......#
.........'. ..#..)...'
.........### #.#......#
.....?...# #.#.####.#
.........######.#.# #.#
..................# #.#
###############.######.#
..................)


You could see a water moccasin.

Vanquished Creatures
  2 orc priests (D:3)
  Natasha (D:3)
  An orc wizard (D:3)
  2 adders
  2 worms (D:2)
  5 dart slugs
  6 orcs (D:3)
  3 ball pythons
  4 bats
  4 endoplasms (D:1)
  2 giant cockroaches
  A goblin (D:3)
  A hobgoblin (D:1)
  A quokka (D:3)
  2 frilled lizards
  4 kobolds
  4 rats (D:1)
45 creatures vanquished.

Notes
Turn   | Place    | Note
-------+----------+-------------------------------------------
     0 | D:1      | Descartes the Formicid Fighter began the quest for the Orb.
     0 | D:1      | Reached XP level 1. HP: 18/18 MP: 1/1
    90 | D:1      | Reached XP level 2. HP: 22/24 MP: 2/2
   327 | D:1      | Found a faded altar of an unknown god.
   582 | D:1      | Reached XP level 3. HP: 28/29 MP: 3/3
  1176 | D:2      | Identified the +5 war axe of Beureopu {vamp, MP+9 Str+3
                  | Stlth+}
  1470 | D:3      | Reached XP level 4. HP: 37/37 MP: 4/4
  1506 | D:3      | Found a white marble altar of Elyvilon.
  1569 | D:3      | Found a basalt altar of Yredelemnul.
  1657 | D:3      | Noticed Natasha
  1660 | D:3      | Killed Natasha
  1748 | D:3      | Reached skill level 1 in Translocations
  1820 | D:3      | Reached skill level 1 in Evocations
  1820 | D:3      | Reached XP level 5. HP: 39/41 MP: 5/5
  1880 | D:3      | Noticed a water moccasin
  1886 | D:3      | HP: 2/42 [water moccasin (8)]
  1889 | D:3      | Reached skill level 5 in Shields
  1889 | D:3      | Reached XP level 6. HP: 2/48 MP: 6/6
  1892 | D:3      | HP: 1/48 [poisoned by a water moccasin]
  1893 | D:3      | Succumbed to a water moccasin's poison

Illustrated notes

Levels and vault maps discovered:
D:1:      dpeg_arrival_refuge, layout_basic,
          shapermc_ecumenical_altar_hornbeckon
D:2:      layout_rooms
D:3:      layout_basic, kennysheep_ying_yang, uniq_natasha

Skill      XL: |  1  2  3  4  5 |
---------------+----------------+-----
Translocations | 1 |  1.4
Fighting       | 4 |  4.2
Armour         | 4 |  4.1
Evocations     | 1 |  1.4
Axes           | 3 |  3.0
Shields        | 5 |  5.0

Action                     |  1- 3 |  4- 6 || total
---------------------------+-------+-------++-------
  Melee: War axe           |    83 |    48 ||   131
Ability: Dig               |       |     1 ||     1
    Use: Potion            |       |     3 ||     3
 Armour: Scale mail        |    39 |     5 ||    44
         Plate armour      |       |    25 ||    25
  Dodge: Dodged            |    45 |    10 ||    55
  Block: Buckler           |    20 |     6 ||    26
